 Dungeon Crawl Stone Soup version 0.32-a0-471-gb91d5d9764 (webtiles) character file.

Game seed: 124341044575034180

6148 KnightOfAutumn the Thaumaturge (level 10, -20/83 HPs)
             Began as a Mummy Alchemist on Feb 25, 2024.
             Was a Believer of Ashenzari.
             Shot with an arrow by a centaur warrior (22 damage)
             ... on level 8 of the Dungeon.
             The game lasted 00:14:11 (10639 turns).

KnightOfAutumn the Thaumaturge (Mummy Alchemist)   Turns: 10639, Time: 00:14:12

Health: -20/83     AC:  4    Str: 14    XL:     10   Next: 59%
Magic:  2/24       EV: 17    Int: 19    God:    Ashenzari [**....]
Gold:   595        SH:  4    Dex: 15    Spells: 24/29 levels left

rFire   x . .        t - +0 trident of the Profound God {Melee, Cun} (curse)
rCold   + . .        h - +0 buckler of the Eye in the Sky {Melee, Fort} (curse)
rNeg    + + +        j - +0 robe "Noyrou" {rPois Str+2 Dex+3}
rPois   ∞            u - +0 helmet of the Pangnostic Welkin {Dev, Fort} (curse)
rElec   .            (no cloak)
rCorr   .            (no gloves)
SInv    +            f - +0 pair of boots of Ashenzari's Stickiness {Dev, Sorc} (curse)
Will    +....        n - amulet of regeneration
Stlth   ++           e - +5 ring of evasion
HPRegen 1.13/turn    (no ring)
MPRegen 0.19/turn

%: faith
@: radiating poison, very slightly contaminated
A: cold resistance 1, negative energy resistance 3, torment resistance 2, heat
vulnerability 1, in touch with death 1, no potions, faith
a: Renounce Religion, Curse Item, Shatter the Chains


You were on level 8 of the Dungeon.
You worshipped Ashenzari.
Ashenzari was pleased with you.
You visited 1 branch of the dungeon, and saw 8 of its levels.
You also visited: Sewer and Bailey.

You collected 595 gold pieces.

Inventory:

Hand Weapons
 b - a +0 dagger of speed
 t - the cursed +0 trident of the Profound God (weapon) {Melee, Cun}
   (You found it on level 5 of the Dungeon)

   It has a curse which improves the following skills: Melee Combat: Short
   Blades, Long Blades, Axes, Maces & Flails, Polearms, Staves and Unarmed
   Combat.
   Cunning:   Dodging and Stealth.
Missiles
 d - 11 throwing nets
 p - 6 curare-tipped darts
Armour
 a - a +0 robe
 f - the cursed +0 pair of boots of Ashenzari's Stickiness (worn) {Dev, Sorc}
   (You found it on level 2 of the Dungeon)

   It has a curse which improves the following skills: Devices: Evocations.
   Sorcery:   Conjurations and Alchemy.
 h - the cursed +0 buckler of the Eye in the Sky (worn) {Melee, Fort}
   (You found it on level 3 of the Dungeon)

   It has a curse which improves the following skills: Melee Combat: Short
   Blades, Long Blades, Axes, Maces & Flails, Polearms, Staves and Unarmed
   Combat.
   Fortitude: Armour and Shields.
 j - the +0 robe "Noyrou" (worn) {rPois Str+2 Dex+3}
   (You found it on level 3 of the Dungeon)

   Str+2:     It affects your strength (+2).
   Dex+3:     It affects your dexterity (+3).
   rPois:     It protects you from poison
 k - a +1 hat of see invisible
 u - the cursed +0 helmet of the Pangnostic Welkin (worn) {Dev, Fort}
   (You found it on level 4 of the Dungeon)

   It has a curse which improves the following skills: Devices: Evocations.
   Fortitude: Armour and Shields.
 x - a scarf of harm
Jewellery
 e - a +5 ring of evasion (left hand)
 n - an amulet of regeneration (around neck)
 o - a ring of protection from cold
 w - an amulet of the acrobat
 y - a ring of flight
Wands
 v - a wand of paralysis (3)
Scrolls
 c - 11 scrolls of identify {@r1}
 g - 3 scrolls of noise
 i - a scroll of amnesia
 l - a scroll of revelation {@r5}
 m - a scroll of enchant weapon
 s - a scroll of teleportation {@r3}
 z - a scroll of enchant armour


   Skills:
 + Level 9.3 Fighting
 - Level 1.5(2.4) Dodging
 - Level 1.5(2.4) Stealth
 - Level 10.0 Spellcasting
 + Level 4.8(5.9) Conjurations
 - Level 6.5(7.7) Alchemy
 - Level 3.6(5.2) Evocations


You had 24 spell levels left.
You knew the following spells:

 Your Spells              Type           Power      Damage    Failure   Level
o - Olgreb's Toxic Radia  Alch           38%        N/A       4%          4
s - Sting                 Conj/Alch      100%       1d9       1%          1

Your spell library contained the following spells:

 Spells                   Type           Power      Damage    Failure   Level
 Mercury Vapours          Alch/Air       48%        N/A       3%          2
 Mephitic Cloud           Conj/Alch/Air  26%        N/A       4%          3
 Ensorcelled Hibernation  Hex/Ice        18%        N/A       16%         2
 Irradiate                Conj/Alch      17%        3d17      17%         5
 Petrify                  Alch/Erth      24%        N/A       21%         4
 Sticky Flame             Fire/Alch      24%        2d6       21%         4
 Fugue of the Fallen      Necr           14%        N/A       30%         3
 Tukima's Dance           Hex            9%         N/A       30%         3
 Yara's Violent Unravell  Hex/Alch       12%        3d7       50%         5
 Anguish                  Hex/Necr       7%         N/A       69%         4
 Animate Armour           Summ/Erth      18%        N/A       69%         4
 Passage of Golubria      Tloc           9%         N/A       69%         4
 Summon Lightning Spire   Summ/Air       9%         N/A       69%         4
 Lee's Rapid Deconstruct  Erth           4%         3d5*      95%         5
 Sublimation of Blood     Necr           Unusable   N/A       N/A         2

Dungeon Overview and Level Annotations

Branches:
Dungeon (8/15)             Temple (0/1) D:5           Sewer (visited)
 Bailey (visited)
   Lair: D:8-11

Altars:
Ashenzari
Hepliaklqana
Makhleb
Sif Muna
Yredelemnul

Shops:
D:4 *   D:7 !

Annotations:
D:8 Pikel


Innate Abilities, Weirdness & Mutations

You are immune to poison.
Your flesh is cold resistant. (rC+)
You are immune to negative energy. (rN+++)
You are immune to unholy pain and torment.
You are vulnerable to heat. (rF-)
You are in touch with the powers of death.
You do not drink.
You have a special connection with the divine. (Faith)


Message History

The centaur warrior shouts!
The centaur warrior is poisoned.
The lemure looks even sicker. x2
The centaur warrior wields a +0 orcbow.
The centaur warrior shoots an arrow.
You block the arrow. The lemure closely misses you.
The lemure looks even sicker.
Your toxic aura wanes.
The centaur warrior shoots an arrow.
The arrow barely misses you.
The centaur warrior shoots an arrow.
You block the arrow.
Casting: Olgreb's Toxic Radiance (dangerous; 4% risk of failure)
Confirm with . or Enter, or press ? or * to list all spells.
You begin to radiate toxic energy.
You kill the lemure!
That felt strangely unrewarding.
The lemure looks as sick as possible!
The centaur warrior shoots an arrow.
You block the arrow.
The centaur warrior shoots an arrow.
The arrow hits you!!
Casting: Olgreb's Toxic Radiance (dangerous; 4% risk of failure)
Confirm with . or Enter, or press ? or * to list all spells.
Your toxic radiance grows in intensity.
The centaur warrior looks even sicker.
The centaur warrior shoots an arrow.
You block the arrow. You block the lemure's attack.
You kill the lemure!
That felt strangely unrewarding.
The centaur warrior looks even sicker.
The centaur warrior shoots an arrow.
The arrow hits you!!
Pikel, Merchant of Souls comes into view.
He is wielding a +2 whip of flaming and carrying a wand of paralysis.
The centaur warrior shoots an arrow.
The arrow hits you!!
* * * LOW HITPOINT WARNING * * *
You hear a shout!
Casting: Olgreb's Toxic Radiance (dangerous; 4% risk of failure)
Confirm with . or Enter, or press ? or * to list all spells.
Your toxic radiance grows in intensity.
Pikel shouts!
Pikel is poisoned.
The centaur warrior looks as sick as possible!
Pikel looks even sicker.
The centaur warrior looks as sick as possible!
The centaur warrior shoots an arrow.
The arrow hits you!
* * * LOW HITPOINT WARNING * * *
As you read the scroll of fog {@r2}, it dissolves into smoke.
The centaur warrior shoots an arrow.
The arrow hits you!!
You die...

.. ###### .# #.#..##.###
###......... #.........# .
##§§.§.....##...
#.§§§...........
#§§@§...........
##.§#§......#...[
###.§...§.....# 5
##.....###.....## ###
#....#..........#. ##.####
#....#............
##...#.###............Kc....
............................
.<....[....................


You could see a centaur warrior (extremely poisoned).

Vanquished Creatures
  Gastronok (D:8)
  A two-headed ogre (D:5)
  Joseph (D:8)
  A hornet (D:6)
  A shadow (D:6)
  Menkaure (D:6)
  4 water moccasins
  A hornet zombie (D:6)
  An ice beast (D:6)
  2 ogres (D:5)
  A centaur (D:8)
  4 wolves (Bailey)
  A phantom (D:7)
  2 kobold brigands (Sewer)
  2 lemures (D:8)
  2 scorpions
  A bullfrog (D:7)
  A wyvern zombie (D:6)
  A water moccasin zombie (D:6)
  7 gnoll sergeants (Bailey)
  2 wights
  3 killer bees (D:8)
  2 howler monkeys
  A centaur zombie (D:6)
  2 bullfrog zombies (D:6)
  8 hounds
  3 jellies
  7 gnoll boudas (Bailey)
  3 orc priests
  Ijyb (D:3)
  A sleepcap (D:5)
  2 iguanas
  4 orc wizards
  17 gnolls
  6 adders
  2 river rats (Sewer)
  A shadow imp (D:6)
  2 ufetubi (D:6)
  2 ribbon worms
  2 dart slugs (D:1)
  19 orcs
  16 endoplasms
  6 giant cockroaches
  8 goblins
  9 hobgoblins
  6 quokkas
  11 ball pythons
  8 bats
  4 frilled lizards
  10 kobolds
  9 rats
213 creatures vanquished.

Notes
Turn   | Place    | Note
-------+----------+-------------------------------------------
     0 | D:1      | KnightOfAutumn the Mummy Alchemist began the quest for the
                  | Orb.
     0 | D:1      | Reached XP level 1. HP: 13/13 MP: 4/4
   211 | D:1      | Reached skill level 3 in Spellcasting
   312 | D:1      | Reached XP level 2. HP: 19/19 MP: 3/6
  1387 | D:2      | Noticed a scorpion
  1392 | D:2      | Killed a scorpion
  1393 | D:2      | Reached skill level 4 in Spellcasting
  1393 | D:2      | Reached XP level 3. HP: 10/24 MP: 1/8
  1393 | D:2      | Reached XP level 4. HP: 13/30 MP: 1/10
  2483 | D:2      | Learned a level 4 spell: Olgreb's Toxic Radiance
  2616 | D:3      | Found a hazy altar of Hepliaklqana.
  2618 | D:3      | Found a shimmering blue altar of Sif Muna.
  2619 | D:3      | Found a broken altar of Ashenzari.
  2628 | D:3      | Reached XP level 5. HP: 35/35 MP: 1/11
  2712 | D:3      | Became a worshipper of Ashenzari the Shackled
  3073 | D:3      | Identified the +0 robe "Noyrou" {rPois Str+2 Dex+3}
  3121 | D:3      | Noticed Ijyb
  3130 | D:3      | Killed Ijyb
  3131 | D:3      | Reached skill level 5 in Alchemy
  3296 | D:3      | Reached XP level 6. HP: 35/41 MP: 3/12
  4151 | D:4      | Found Ahoezeegg's Fire Supplies.
  4432 | D:4      | You fall into a shaft and drop 2 floors!
  4432 | D:6      | Found a burning altar of Makhleb.
  4464 | D:6      | Noticed a hornet
  4476 | D:6      | Killed a hornet
  4477 | D:6      | Reached XP level 7. HP: 19/46 MP: 0/13
  4536 | D:6      | Found a glowing drain.
  4555 | Sewer    | Entered a sewer
  5349 | D:5      | Entered Level 5 of the Dungeon
  5386 | D:5      | Found a staircase to the Ecumenical Temple.
  5514 | D:5      | Reached skill level 1 in Fighting
  5514 | D:5      | Reached XP level 8. HP: 29/54 MP: 3/14
  5620 | D:4      | Reached * piety under Ashenzari
  6034 | D:5      | Noticed a two-headed ogre
  6040 | D:5      | Killed a two-headed ogre
  6041 | D:5      | Reached skill level 6 in Spellcasting
  6466 | D:5      | Reached skill level 7 in Spellcasting
  6694 | D:6      | Reached ** piety under Ashenzari
  6732 | D:6      | Reached skill level 5 in Fighting
  7045 | D:6      | Reached XP level 9. HP: 66/68 MP: 18/20
  7077 | D:6      | Found a basalt altar of Yredelemnul.
  7312 | D:6      | Reached skill level 8 in Spellcasting
  7347 | D:6      | Noticed Menkaure
  7357 | D:6      | Killed Menkaure
  7380 | D:6      | Found the +15 Maxwell's patent armour {-Cast -Tele rElec
                  | Will+ rCorr}
  7975 | D:7      | Reached skill level 9 in Spellcasting
  8595 | D:7      | Found Filure's Distillery.
  8708 | D:8      | Reached skill level 1 in Conjurations
  8841 | D:8      | Noticed Gastronok
  8940 | D:8      | Noticed Joseph
  8954 | D:8      | Reached skill level 10 in Spellcasting
  8954 | D:8      | Killed Joseph
  8955 | D:8      | Reached XP level 10. HP: 50/80 MP: 0/24
  8983 | D:8      | Found a flagged portal.
  9094 | Bailey   | Entered a bailey
 10232 | Bailey   | Identified the +7 glaive of Acusm {venom, rN+ Int+4 SInv}
 10447 | D:8      | Killed Gastronok
 10630 | D:8      | Noticed a centaur warrior
 10637 | D:8      | Noticed Pikel
 10638 | D:8      | HP: 1/83 [centaur warrior/arrow (15)]
 10639 | D:8      | Shot with an arrow by a centaur warrior

Illustrated notes

Levels and vault maps discovered:
D:1:      dpeg_arrival_concentric_ovals, layout_loops_ring, minivault_11
D:2:      layout_loops_corners, nrook_campfire
D:3:      minmay_spotlight, layout_loops_ring, grunt_temple_overflow_open,
          amcnicky_mini_pool_small, grunt_decor_clamped, uniq_ijyb
D:4:      layout_gridville, nicolae_shop_fire_sale [nicolae_sub_dead_trees]
D:5:      layout_rooms, minmay_temple_entry_ruins,
          chequers_serial_rivers_small_b
D:6:      layout_loops_ring, nicolae_yredelemnul_corpse_copse,
          mainiacjoe_overflow_cross_hatched, portal_sewer_entry_f,
          chequers_jeans, uniq_menkaure
D:7:      layout_rooms, serial_shops, kennysheep_mini_moat, nicolae_the_louvre
D:8:      layout_cave_pools, david_lair_shrubbed, enter_bailey_3, serial_shops,
          nicolae_shop_tiny_glass, uniq_joseph, uniq_gastronok, uniq_pikel

Skill      XL: |  1  2  3  4  5  6  7  8  9 10 |
---------------+-------------------------------+-----
Spellcasting   | 3 4 7 10 | 10.0
Alchemy        | 3 4 5 6 |  6.5
Evocations     | 2 3 |  3.6
Fighting       | 1 5 7 9 |  9.3
Conjurations   | 2 4 |  4.8
Dodging        | |  1.5
Stealth        | |  1.5

Action                     |  1- 3 |  4- 6 |  7- 9 | 10-12 || total
---------------------------+-------+-------+-------+-------++-------
  Melee: Dagger            |       |    40 |    63 |       ||   103
         Trident           |       |       |    51 |    39 ||    90
   Cast: Sting             |    63 |   164 |   200 |    56 ||   483
         Olgreb's Toxic Ra |       |     1 |    32 |    44 ||    77
 Invoke: Curse Item        |       |     1 |     3 |       ||     4
  Evoke: Wand              |       |       |    30 |     7 ||    37
    Use: Scroll            |       |       |     1 |     2 ||     3
   Stab: Paralysed         |       |       |       |    12 ||    12
 Armour: Robe              |    13 |    36 |   184 |    32 ||   265
  Dodge: Dodged            |     5 |    72 |   283 |    62 ||   422
  Block: Buckler           |       |     8 |    77 |    19 ||   104

Table legend: (Time is in decaauts)
 A = Elapsed time spent in this place.
 B = Non-inter-level travel time spent in this place.
 C = Inter-level travel time spent in this place.
 D = Time resting spent in this place.
 E = Time spent auto-exploring this place.
 F = Levels seen in this place.
 G = Mean time per level.
                   A        B        C        D        E       F      G
               +--------+--------+--------+--------+--------+-----+--------+
         Total |  10727 |  10472 |    255 |    864 |   7939 |  10 | 1072.7 |
       Dungeon |   8600 |   8345 |    255 |    672 |   6441 |   8 | 1075.0 |
         Sewer |    830 |    830 |      0 |     93 |    529 |   1 |  830.0 |
        Bailey |   1296 |   1296 |      0 |     99 |    969 |   1 | 1296.0 |
               +--------+--------+--------+--------+--------+-----+--------+

Top non-repeatable levels by time:
     D:3: 1528 daAuts
     D:6: 1355 daAuts
  Bailey: 1296 daAuts
     D:2: 1266 daAuts
     D:1: 1248 daAuts
     D:5: 977 daAuts
     D:7: 855 daAuts
   Sewer: 830 daAuts
     D:4: 792 daAuts
     D:8: 577 daAuts
